[Event "Early-Titled-Tuesday-Blitz-September-26-2023"]
[Site "Chess.com"]
[Date "2023.09.26"]
[Round "2"]
[White "MidnightFox"]
[Black "Grossboss19"]
[Result "1-0"]
[WhiteElo "2361"]
[BlackElo "2511"]
[TimeControl "180+1"]
[EndTime "8:17:11 PDT"]
[Termination "MidnightFox won on time"]

1. d4 Nf6 2. c4 e6 3. g3 c5 4.
d5 b5 5. Bg2 Bb7 6. e4 bxc4 7.
Nc3 exd5 8. exd5 Bd6 9. Nge2 O-O 10. O-O Re8 11. h3 Na6 12. Be3 Nb4 13. b3 cxb3 14. Qxb3 Ba6 15. Rfd1 Rb8 16. Qa4 Qc7 17. a3 Rb6 18. axb4 cxb4 19. Bxb6 axb6 20. Qxa6 bxc3 21. Nd4 Be5 22. Nb5 Qc5 23. Rac1 Bxg3 24. Rc2 Nh5 25. Nxc3 Nf4 26. Qf1 Bh4 27. Rdc1 Qd4 28. Ne2 Nxe2+ 29. Rxe2 Rf8 30. Rec2 1-0

[Event "Early-Titled-Tuesday-Blitz-September-26-2023"]
[Site "Chess.com"]
[Date "2023.09.26"]
[Round "2"]
[White "Kirill_Klukin"]
[Black "Misticpikachu"]
[Result "1-0"]
[WhiteElo "2722"]
[BlackElo "2529"]
[TimeControl "180+1"]
[EndTime "8:17:12 PDT"]
[Termination "Kirill_Klukin won by resignation"]

1. e4 e6 2. d3 d5 3. Nd2 Nc6 4. Ngf3 Nf6 5. g3 dxe4 6. dxe4 Bc5 7. Bg2 O-O 8. O-O e5 9. c3 Qe7 10. Qc2 a5 11. Nc4 Bg4 12. Be3 Rfd8 13. Bxc5 Qxc5 14.
Ne3 Bxf3 15. Bxf3 Rd7 16. Rad1 Rad8 17. h4 h6 18. a4 b6 19. Be2 Kf8 20. Bb5 Rxd1 21.
Rxd1 Rxd1+ 22. Qxd1 Ke8 23. b4 Qxc3 24. Nd5 Nxd5 25.
Qxd5 axb4 26. Bxc6+ Ke7 27. Qd7+ Kf6 28. Qf5+ Ke7 29. Bd5 Kd6 30. Qxf7 Kc5 31. Qxc7+ Kd4 32. Qxb6+ Kd3 33. a5 b3 34. Qxb3 1-0

[Event "Early-Titled-Tuesday-Blitz-September-26-2023"]
[Site "Chess.com"]
[Date "2023.09.26"]
[Round "2"]
[White "CheckThis4"]
[Black "KamlaPasand"]
[Result "1-0"]
[WhiteElo "2684"]
[BlackElo "2429"]
[TimeControl "180+1"]
[EndTime "8:17:12 PDT"]
[Termination "CheckThis4 won by resignation"]

1. e4 e5 2. Nf3 Nc6 3. Bb5 a6 4.
Ba4 Nf6 5. d3 b5 6. Bb3 d6 7.
O-O Be7 8. a4 b4 9. Nbd2 O-O 10.
a5 Nd4 11. Nxd4 exd4 12. h3 c5 13. Nc4 Rb8 14. Nb6 Bb7 15. Bf4 Nd7 16. Nd5 Bxd5 17. Bxd5 Nf6 18. Bc4 Ra8 19. e5 dxe5 20. Bxe5 Bd6 21.
f4 Qc7 22. Bxf6 gxf6 23. Qh5 Kh8 24. Qh6 Rg8 25. Qxf6+ Rg7 26. Rae1 Rg8 27. Rf2 b3 28.
cxb3 Qxa5 29. Re4 Bc7 30. Bxf7 Bd8 31. Qe5 Bc7 32. Qf5 Rf8 33. Bc4 Bd6 34. Qd5 Qc7 35. f5 Bg3 36. Rf3 Qa5 37. Rf1 Rd8 38. Qe6 Qd2 39.
Re2 Qg5 40. Qe8+ Rg8 41. Bxg8 Rxe8 42. Rxe8 Be5 43. Be6+ Kg7 44. Rg8+ Kf6 45. Rxg5 Kxg5 46. Kf2 Kf6 47. Kf3 Bd6 48. g4 Be7 49. Ke4 h6 50. h4 Kg7 51. g5 hxg5 52. hxg5 Bxg5 53.
Kd5 Bf6 54. Kxc5 Kf8 55. Kc4 Ke7 56. Ra1 1-0

[Event "Early-Titled-Tuesday-Blitz-September-26-2023"]
[Site "Chess.com"]
[Date "2023.09.26"]
[Round "2"]
[White "amylazy"]
[Black "lrestevez"]
[Result "0-1"]
[WhiteElo "2432"]
[BlackElo "2215"]
[TimeControl "180+1"]
[EndTime "8:17:13 PDT"]
[Termination "lrestevez won by checkmate"]

1. d4 Nf6 2. Nf3 e6 3. e3 Be7 4. Bd3 O-O 5. O-O c5 6. c4 cxd4 7. exd4 d6 8. Nc3 Nbd7 9. b3 b6 10. Bb2 Bb7 11. Rc1 Rc8 12. Qe2 Re8 13. Rfe1 Nf8 14.
Bb1 Ng6 15. Qd2 d5 16. cxd5 Nxd5 17. Nxd5 Bxd5 18. Ne5 Nxe5 19. Rxc8 Nf3+ 20. gxf3 Qxc8 21. Be4 Qb7 22. Qf4 Bf6 23. Rc1 Rc8 24. Rxc8+ Qxc8 25. Qd6 Bxe4 26. fxe4 g6 27. Ba3 Bg7 28. Qe7 Qa8 29.
d5 exd5 30. exd5 h5 31. d6 Qf3 32. Qe1 h4 33. d7 Qg4+ 34. Kf1 Qh3+ 35. Ke2 Qxd7 36.
Qb4 Qe6+ 37. Kf1 Qh3+ 38. Kg1 g5 39. Qe4 Qe6 40. Qb4 h3 41. Kf1 Qd5 42. Qg4 Qd3+ 43. Ke1 Bc3# 0-1

[Event "Early-Titled-Tuesday-Blitz-September-26-2023"]
[Site "Chess.com"]
[Date "2023.09.26"]
[Round "2"]
[White "MikeSailer"]
[Black "elegant285"]
[Result "1-0"]
[WhiteElo "2199"]
[BlackElo "2408"]
[TimeControl "180+1"]
[EndTime "8:17:13 PDT"]
[Termination "MikeSailer won by resignation"]

1. d4 Nf6 2. Nc3 d5 3. Bf4 c5 4. e4 dxe4 5. dxc5 Bd7 6. Bc4 e5 7. Bxe5 Bxc5 8. Bxf6 Qxf6 9. Nxe4 Qe5 10. Qd5 Qxd5 11. Bxd5 Be7 12. Bxb7 Bc6 13. Bxa8 Bxa8 14. f3 f5 15. Ng3 Bh4 16. O-O-O O-O 17. Nh3 Nc6 18.
Rd7 a5 19. Rhd1 Ne5 20. Ra7 Nc4 21. Rdd7 Bf6 22. c3 Ne3 23. Nh5 Nxg2 24. Nxf6+ Rxf6 25. Rxa8+ Rf8 26. Rxf8+ Kxf8 27. Ra7 1-0

[Event "Early-Titled-Tuesday-Blitz-September-26-2023"]
[Site "Chess.com"]
[Date "2023.09.26"]
[Round "2"]
[White "A-Fier"]
[Black "Journey_to_GrandMaster_YT"]
[Result "1-0"]
[WhiteElo "2815"]
[BlackElo "2589"]
[TimeControl "180+1"]
[EndTime "8:17:14 PDT"]
[Termination "A-Fier won on time"]

1. d4 d6 2. Bg5 Nd7 3. e4 Ngf6 4.
Nc3 e5 5. Nf3 Be7 6. dxe5 dxe5 7. Bc4 c6 8. a4 O-O 9. O-O a5 10.
h3 Nh5 11. Be3 Nf4 12. Re1 Qc7 13. Bf1 Bb4 14. g3 Ne6 15. Nd2 Ndc5 16. Na2 Bxd2 17.
Bxd2 Nxa4 18. Nc3 Nac5 19. Qh5 Nd4 20. Rac1 g6 21. Qd1 Rd8 22. Bg2 b5 23. Bg5 Rd6 24. Kh1 Nde6 25. Bd2 b4 26. Nb1 Ba6 27. Qg4 h5 28. Qh4 Qd8 29. Qxd8+ Raxd8 30. Be3 Na4 31. b3 Nac5 32. f4 f6 33. f5 gxf5 34. exf5 Nd4 35.
g4 hxg4 36. hxg4 Kf7 37. Bxd4 Rxd4 38. Bf3 Rf4 39. Kg2 e4 40. Bd1 Rg8 41. Kh3 Bf1+ 42. Kh2 Bb5 43. Kh3 Nd7 44. Nd2 Ne5 45. Rxe4 Bf1+ 46.
Kg3 Rxf5 47. c3 Bd3 48. Rd4 Bb5 49. cxb4 axb4 50. Ne4 Rf1 51. Nd6+ Ke6 52. Nxb5 cxb5 53. Rc7 Re1 54. Bc2 1-0

[Event "Early-Titled-Tuesday-Blitz-September-26-2023"]
[Site "Chess.com"]
[Date "2023.09.26"]
[Round "2"]
[White "Levanzovsky"]
[Black "GMJustin"]
[Result "1-0"]
[WhiteElo "2473"]
[BlackElo "2228"]
[TimeControl "180+1"]
[EndTime "8:17:14 PDT"]
[Termination "Levanzovsky won on time"]

1. e4 e5 2. Nf3 Nc6 3. g3 Nf6 4. d3 d5 5. exd5 Nxd5 6. Bg2 Bc5 7. O-O O-O 8. a3 a5 9. Nc3 Nxc3 10. bxc3 f6 11. Rb1 Rb8 12. Nh4 Be6 13. g4 Qd7 14. h3 h5 15. gxh5 Bxh3 16. Qf3 Bxg2 17. Qxg2 f5 18. Bg5 f4 19. a4 Rf7 20. Kh2 f3 21. Qh3 Qd6 22. Nf5 Qd7 23. Ng3 Qxh3+ 24. Kxh3 b6 25. Ne4 Be7 26. Rg1 Rbf8 27. Rg3 Kh8 28.
Rbg1 Bc5 29. Nxc5 bxc5 30. Be3 Ne7 31. Bxc5 Nf5 32. Bxf8 1-0

[Event "Early-Titled-Tuesday-Blitz-September-26-2023"]
[Site "Chess.com"]
[Date "2023.09.26"]
[Round "2"]
[White "Dewarfd"]
[Black "JoseRemolar"]
[Result "1-0"]
[WhiteElo "2132"]
[BlackElo "2417"]
[TimeControl "180+1"]
[EndTime "8:17:14 PDT"]
[Termination "Dewarfd won on time"]

1. d4 g6 2. e3 Bg7 3. Nf3 Nf6 4. Be2 O-O 5. b4 d6 6. Bb2 Nbd7 7. O-O Ne4 8. Nfd2 Nxd2 9. Nxd2 c5 10. a3 cxd4 11.
Bxd4 e5 12. Bb2 Nb6 13. c4 Bd7 14. Ne4 Na4 15. Ra2 Bc6 16. Nxd6 Qg5 17. Bf3 e4 18. Be2 Nxb2 19. Qc2 Rad8 20. c5 Na4 21. Rd1 Bd5 22. Bc4 Bxc4 23. Qxc4 b6 24. c6 Be5 25.
Rad2 Bxd6 26. Rxd6 Nb2 27. Rxd8 Nxd1 28. Rxf8+ Kxf8 29. c7 1-0

[Event "Early-Titled-Tuesday-Blitz-September-26-2023"]
[Site "Chess.com"]
[Date "2023.09.26"]
[Round "2"]
[White "CalinGheorghiu"]
[Black "Mesa_1"]
[Result "1/2-1/2"]
[WhiteElo "2363"]
[BlackElo "2669"]
[TimeControl "180+1"]
[EndTime "8:17:15 PDT"]
[Termination "Game drawn - insufficient material"]

1. e4 c5 2. Nf3 d6 3. d4 cxd4 4. Nxd4 Nf6 5. Nc3 a6 6. h3 g6 7.
g4 Bg7 8. Bg2 O-O 9. O-O Nc6 10.
Nxc6 bxc6 11. e5 Nd5 12. Nxd5 cxd5 13. exd6 Qxd6 14. Qxd5 Qxd5 15. Bxd5 Rb8 16. c3 h5 17.
gxh5 Bxh3 18. hxg6 Bxf1 19. gxf7+ Kh7 20. Kxf1 Rb6 21.
Kg2 Bh6 22. Bxh6 Kxh6 23. Re1 Rxb2 24. Rxe7 Kg7 25. c4 Rxa2 26. c5 Rc2 27. c6 Rc5 28. Rd7 a5 29. c7 a4 30. Be6 a3 31. Re7 Re5 32. Re8 Rc5 33. c8=Q Rxc8 34. Bxc8 a2 35. Re1 Rxc8 36. Ra1 Rc2 37. Kf3 Kxf7 38. Ke3 Ke6 39. Kd3 Rxf2 40. Kc3 Kd5 41. Kb3 Kc5 42. Rxa2 Rxa2 43.
Kxa2 1/2-1/2

[Event "Early-Titled-Tuesday-Blitz-September-26-2023"]
[Site "Chess.com"]
[Date "2023.09.26"]
[Round "2"]
[White "Predator0608"]
[Black "AleksandrAleksikov"]
[Result "1-0"]
[WhiteElo "2462"]
[BlackElo "2212"]
[TimeControl "180+1"]
[EndTime "8:17:15 PDT"]
[Termination "Predator0608 won on time"]

1. f4 Nf6 2. Nf3 g6 3. g3 Bg7 4.
Bg2 O-O 5. O-O c5 6. d3 d5 7. Qe1 Nc6 8. e4 dxe4 9. dxe4 e5 10. Nc3 Re8 11. f5 Nd4 12. fxg6 fxg6 13. Bg5 Nxc2 14. Qe2 Nxa1 15. Nd5 Qd6 16. Bxf6 Bxf6 17. Nd4 Rf8 18. Nb5 Qd8 19. Nbc7 Rb8 20. Rxa1 Bg7 21. Rd1 a6 22. Qc4 Kh8 23. Qxc5 Bg4 24. Rc1 Rc8 25. Qb6 Rf7 26.
h3 Be2 27. Qxb7 Bf8 28. Re1 1-0

[Event "Early-Titled-Tuesday-Blitz-September-26-2023"]
[Site "Chess.com"]
[Date "2023.09.26"]
[Round "2"]
[White "Ditman2007"]
[Black "Defenstrator"]
[Result "1-0"]
[WhiteElo "2681"]
[BlackElo "2364"]
[TimeControl "180+1"]
[EndTime "8:17:18 PDT"]
[Termination "Ditman2007 won by resignation"]

1. e4 g6 2. d4 Bg7 3. Nc3 c5 4. dxc5 Bxc3+ 5. bxc3 Qa5 6. Qd4 Nf6 7. Qb4 Qc7 8. Bd3 Na6 9. Bxa6 bxa6 10. Be3 Rb8 11. Qd4 O-O 12. Nf3 Ng4 13. Bg5 f6 14. Bc1 Ne5 15. Nxe5 fxe5 16. Qc4+ e6 17. O-O Bb7 18.
Be3 d5 19. Qd3 Rbd8 20. Rab1 d4 21. cxd4 exd4 22. Bxd4 e5 23. Qb3+ Rf7 24. Be3 Bxe4 25. Rfd1 Kg7 26. Bg5 Rdf8 27. f3 Qxc5+ 28. Be3 Qxc2 29.
fxe4 Qxe4 30. Qc3 Rf5 31. Re1 Qg4 32. Rbd1 R8f7 33. h3 Qg3 34. Bh6+ 1-0

[Event "Early-Titled-Tuesday-Blitz-September-26-2023"]
[Site "Chess.com"]
[Date "2023.09.26"]
[Round "2"]
[White "salomez"]
[Black "goodluck06"]
[Result "0-1"]
[WhiteElo "2316"]
[BlackElo "2666"]
[TimeControl "180+1"]
[EndTime "8:17:18 PDT"]
[Termination "goodluck06 won by checkmate"]

1. e4 e6 2. d4 d5 3. Nc3 Bb4 4. Ne2 dxe4 5. a3 Bxc3+ 6. Nxc3 Nc6 7. Bb5 Ne7 8. Bg5 f6 9. Be3 f5 10. f3 exf3 11. Qxf3 O-O 12. O-O-O Nd5 13. Nxd5 Qxd5 14.
Qe2 f4 15. Bf2 Qa2 16. c3 Qd5 17. Bc4 Qg5 18. Kb1 Kh8 19. d5 Ne5 20. dxe6 Nxc4 21.
Qxc4 Qf5+ 22. Ka1 Bxe6 23. Qxc7 Rac8 24. Qd6 Bg8 25. Rhe1 Rc6 26. Qe5 Qf7 27. Kb1 Qg6+ 28. Kc1 Bb3 29. Rd7 Qc2# 0-1

[Event "Early-Titled-Tuesday-Blitz-September-26-2023"]
[Site "Chess.com"]
[Date "2023.09.26"]
[Round "2"]
[White "NowInChess"]
[Black "Shuvalov"]
[Result "1/2-1/2"]
[WhiteElo "2259"]
[BlackElo "2470"]
[TimeControl "180+1"]
[EndTime "8:17:19 PDT"]
[Termination "Game drawn - insufficient material"]

1. e4 e6 2. d4 d5 3. exd5 exd5 4.
c4 Nf6 5. Nc3 Nc6 6. Nf3 Bg4 7. cxd5 Nxd5 8. Bd3 Be7 9. h3 Bh5 10.
O-O Bg6 11. Bxg6 hxg6 12. Re1 O-O 13. Be3 Re8 14. Qd2 Nxe3 15. Rxe3 Bf6 16. Rxe8+ Qxe8 17. d5 Ne5 18. Nxe5 Qxe5 19. Re1 Qd4 20. Qxd4 Bxd4 21. Re7 Bb6 22. Na4 Ba5 23. a3 Kf8 24.
Re2 Re8 25. Kf1 Rxe2 26. Kxe2 Bb6 27. f3 Ke7 28. Kd3 Kd6 29. Ke4 f5+ 30. Kf4 Kxd5 31.
Nxb6+ axb6 32. Kg5 c5 33. Kxg6 Kc4 34. Kxg7 Kb3 35.
h4 Kxb2 36. h5 c4 37. h6 c3 38. h7 c2 39. h8=Q c1=Q 40. Kg6+ Kxa3 41. Qa8+ Kb4 42. Qxb7 Qc5 43. Qf7 Qf2 44. Qxf5 Qxg2+ 45. Qg4+ Qxg4+ 46. fxg4 b5 47. Kf7 Kc3 48. g5 b4 49. g6 b3 50. g7 b2 51. g8=Q b1=Q 52. Qc8+ Kd2 53.
Qd7+ Qd3 54. Qxd3+ Kxd3 1/2-1/2

[Event "Early-Titled-Tuesday-Blitz-September-26-2023"]
[Site "Chess.com"]
[Date "2023.09.26"]
[Round "2"]
[White "Eloist"]
[Black "Yuruultei"]
[Result "1-0"]
[WhiteElo "2495"]
[BlackElo "2282"]
[TimeControl "180+1"]
[EndTime "8:17:20 PDT"]
[Termination "Eloist won by resignation"]

1. e4 c5 2. Nf3 e6 3. d4 cxd4 4. Nxd4 Nc6 5. Nc3 a6 6. Be3 Nf6 7. Nxc6 bxc6 8. e5 Nd5 9. Nxd5 cxd5 10. Bd3 d6 11. Bd4 dxe5 12. Bxe5 f6 13. Qh5+ g6 14. Bxg6+ hxg6 15. Qxg6+ Kd7 16. Bxf6 Be7 17. Bxh8 Qxh8 18. O-O-O Rb8 19. c3 Bb7 20. Rhe1 Qg8 21. Qxg8 Rxg8 22. g3 Bc6 23. f4 Bb5 24. Kc2 Rh8 25. Rd2 Bd6 26. f5 Rh6 27. fxe6+ Rxe6 28. Rxe6 Kxe6 29. b3 Be8 30. Rd4 Bg6+ 31. Kd2 Be5 32. Ra4 Kf5 33. Rxa6 Ke4 34. Rxg6 1-0

[Event "Early-Titled-Tuesday-Blitz-September-26-2023"]
[Site "Chess.com"]
[Date "2023.09.26"]
[Round "2"]
[White "Andrej2004"]
[Black "Crazy_girl99"]
[Result "1-0"]
[WhiteElo "2561"]
[BlackElo "2731"]
[TimeControl "180+1"]
[EndTime "8:17:21 PDT"]
[Termination "Andrej2004 won by resignation"]

1. Nf3 d5 2. b3 Nf6 3. Bb2 c5 4. g3 Nc6 5. Bg2 g6 6. d4 cxd4 7. Nxd4 Bg7 8. O-O O-O 9. Nxc6 bxc6 10. c4 e6 11. Nc3 a5 12. Qc2 Ba6 13. Rfd1 Qc7 14.
Na4 Rfc8 15. Rac1 dxc4 16. bxc4 Nd7 17. Bxg7 Kxg7 18. Qd2 Rd8 19. Qd6 Qxd6 20. Rxd6 Ne5 21.
c5 Bxe2 22. Re1 Nf3+ 23. Bxf3 Bxf3 24. Re3 Bd5 25. Nb6 Rxd6 26. cxd6 Rd8 27. d7 Kf6 28. Ra3 Ke7 29. Rxa5 Rb8 30. Ra6 Kd8 31. a4 c5 32.
a5 c4 33. Kf1 c3 34. Ke1 Be4 35. Kd1 Bc6 36. Ra7 Ke7 37. Kc2 Rd8 38. Rc7 Bb5 39.
Kxc3 Kd6 40. Rb7 Bxd7 41. Rxd7+ Rxd7 42. Nxd7 Kxd7 43. Kd4 Kc6 44. Ke5 Kb5 45. Kf6 Kxa5 46. Kxf7 e5 47. Kg7 e4 48. Kxh7 g5 49. Kg6 g4 50. Kf5 Kb4 51. Kxe4 Kc3 52. Kf4 Kd2 53. Kxg4 Ke2 54. f4 Kf2 55. h4 Kg2 56. f5 1-0

[Event "Early-Titled-Tuesday-Blitz-September-26-2023"]
[Site "Chess.com"]
[Date "2023.09.26"]
[Round "2"]
[White "Dedic8"]
[Black "IngOscarArdila"]
[Result "1-0"]
[WhiteElo "2815"]
[BlackElo "2383"]
[TimeControl "180+1"]
[EndTime "8:17:21 PDT"]
[Termination "Dedic8 won by resignation"]

1. d4 Nf6 2. c4 e6 3. Nc3 d5 4.
cxd5 exd5 5. Bg5 c6 6. e3 Be7 7. Bd3 Nbd7 8. h3 h6 9. Bf4 O-O 10. Nf3 Re8 11. Qc2 Nf8 12. O-O-O Bd6 13. Ne5 Bxe5 14.
Bxe5 N6d7 15. Bf4 Ne6 16. Bh2 Ndf8 17. g4 Qe7 18. Bg3 Ng5 19. Bh4 f6 20. Kb1 Ne4 21.
Nxe4 dxe4 22. Be2 Be6 23. Bg3 Bd5 24. h4 b5 25. Qd2 a5 26. Rc1 b4 27. Bc4 Rec8 28.
Qe2 Qe6 29. g5 Nd7 30. gxh6 gxh6 31. Bf4 Kh7 32. Rhg1 Bxc4 33. Rxc4 Rg8 34. Rgc1 Rac8 35. Qh5 f5 36. d5 Qg6 37. Qxg6+ Rxg6 38. h5 Rf6 39. Rxc6 Rfxc6 40. Rxc6 Rg8 41. Rxh6+ Kg7 42. Rg6+ Kf7 43. Rxg8 Kxg8 44. h6 Kh7 45. Kc2 Nf6 46. d6 Kg6 47. Kb3 Kf7 48. Ka4 Ke6 49. Kxa5 Ng4 50. h7 1-0

[Event "Early-Titled-Tuesday-Blitz-September-26-2023"]
[Site "Chess.com"]
[Date "2023.09.26"]
[Round "2"]
[White "Msb2"]
[Black "LeoLV10"]
[Result "1-0"]
[WhiteElo "3086"]
[BlackElo "2643"]
[TimeControl "180+1"]
[EndTime "8:17:22 PDT"]
[Termination "Msb2 won by resignation"]

1. d4 Nf6 2. c4 e6 3. Nc3 Bb4 4. e3 b6 5. Bd3 Bb7 6. Nf3 Ne4 7. O-O Nxc3 8. bxc3 Be7 9. e4 d6 10. Qe2 Nd7 11. Bf4 g5 12. Be3 h5 13. Nd2 e5 14.
a4 a5 15. Nb3 c5 16. Nd2 Nf8 17. g3 Ng6 18. Rab1 Bc8 19. f3 Bd7 20. Bc2 Qc7 21.
Rb2 h4 22. g4 Bf6 23. dxc5 dxc5 24. Rfb1 Ra6 25. Nf1 O-O 26. Rd1 Be6 27. Bb3 Raa8 28.
Rbd2 Rad8 29. Qe1 Rxd2 30. Bxd2 Rd8 31. Ne3 Rd3 32. Bc2 Rxe3 33. Bxe3 Bxc4 34. Qd2 Be6 35.
Bxg5 Bxg5 36. Qxg5 Kg7 37. Qd8 Qa7 38. Rd6 Qa6 39. Bd3 c4 40. Bf1 Qa7 41. Qxb6 Qe7 42. Qd8 Qa7+ 43. Rb6 Nf4 44. Qb8 Qd7 45. Qxe5+ Kg6 46.
Qxf4 Qd1 47. Qe3 Qxa4 48. f4 Kg7 49. f5 Bd7 50. Qh6+ Kg8 51. f6 1-0

[Event "Early-Titled-Tuesday-Blitz-September-26-2023"]
[Site "Chess.com"]
[Date "2023.09.26"]
[Round "2"]
[White "KerryStead"]
[Black "UK_23"]
[Result "0-1"]
[WhiteElo "2083"]
[BlackElo "2422"]
[TimeControl "180+1"]
[EndTime "8:17:23 PDT"]
[Termination "UK_23 won by checkmate"]

1. d4 d5 2. e4 c6 3. Nc3 dxe4 4.
f3 e5 5. dxe5 Qxd1+ 6. Kxd1 Nd7 7. f4 f5 8. Bc4 Nb6 9. Bb3 a5 10. a3 Bc5 11. Nh3 a4 12. Ba2 Ke7 13. Ke2 Be6 14. Bxe6 Kxe6 15. Ng5+ Ke7 16. b4 axb3 17. cxb3 Nd5 18. Nxd5+ cxd5 19. Rd1 d4 20. Bb2 d3+ 21. Kd2 h6 22. Nh3 Ke6 23. b4 Bb6 24. Rac1 Ne7 25. g3 Rhd8 26. Kc3 Be3 27. Rb1 Rac8+ 28. Kb3 Rc2 29. Bc1 Bd4 30. Rd2 Rdc8 31. Rd1 b5 32.
Bd2 e3 33. Be1 d2 34. Bxd2 exd2 35. Rxd2 R8c3# 0-1

[Event "Early-Titled-Tuesday-Blitz-September-26-2023"]
[Site "Chess.com"]
[Date "2023.09.26"]
[Round "2"]
[White "campochess"]
[Black "Staudenhocker43"]
[Result "0-1"]
[WhiteElo "2209"]
[BlackElo "2575"]
[TimeControl "180+1"]
[EndTime "8:17:24 PDT"]
[Termination "Staudenhocker43 won by resignation"]

1. e4 c5 2. d4 cxd4 3. c3 Nf6 4. e5 Nd5 5. Qxd4 e6 6. Nf3 Nc6 7. Qe4 f5 8. Qe2 b5 9. a3 Qc7 10. g3 a5 11. Nbd2 Ba6 12. Bg2 b4 13. c4 bxa3 14.
O-O axb2 15. Bxb2 Bb4 16. Nb3 O-O 17. Rfc1 Nb6 18. Nfd4 Nxd4 19. Nxd4 Bxc4 20. Qc2 Rac8 21. Qd1 Qxe5 22. Rab1 Qc7 23. Nb5 Qb8 24. Rxc4 Rxc4 25. Nd6 Bxd6 26. Qd3 Rb4 27. Qc3 Be5 28. Qxe5 Qxe5 29.
Bxe5 Rxb1+ 30. Bf1 a4 31. Kg2 a3 32. Bd3 Rb3 33. Bc2 Rb2 34. Bxb2 axb2 35. Kf3 Rb8 0-1

[Event "Early-Titled-Tuesday-Blitz-September-26-2023"]
[Site "Chess.com"]
[Date "2023.09.26"]
[Round "2"]
[White "Keeper0416"]
[Black "Alexei_Gubajdullin"]
[Result "1-0"]
[WhiteElo "2560"]
[BlackElo "2726"]
[TimeControl "180+1"]
[EndTime "8:17:25 PDT"]
[Termination "Keeper0416 won on time"]

1. d4 Nf6 2. Bf4 g6 3. Nc3 Bg7 4. e4 d6 5. h4 h5 6. Qd2 a6 7. O-O-O Nc6 8. Nf3 Bg4 9. Be2 Nd7 10. Be3 e5 11. d5 Na7 12. Ng5 Nb5 13. f3 f6 14.
fxg4 fxg5 15. gxh5 gxh4 16. h6 Bf6 17. Nxb5 axb5 18.
Kb1 Ra4 19. Bxb5 Rxe4 20. Bd3 Rg4 21. Qe2 Rg3 22. Bf2 Rxg2 23. Be4 Rxf2 24. Bxg6+ Ke7 25.
Qxf2 Rxh6 26. Bf5 Nf8 27. Bh3 Qe8 28. Rdf1 Qf7 29. Qa7 Qxd5 30. Qb8 Qc6 31. Rhg1 Ng6 32. Qg8 1-0

[Event "Early-Titled-Tuesday-Blitz-September-26-2023"]
[Site "Chess.com"]
[Date "2023.09.26"]
[Round "2"]
[White "LileKoridze"]
[Black "Makswolf200817"]
[Result "0-1"]
[WhiteElo "2375"]
[BlackElo "2747"]
[TimeControl "180+1"]
[EndTime "8:17:25 PDT"]
[Termination "Makswolf200817 won on time"]

1. d4 d5 2. c4 e6 3. Nf3 Nf6 4. g3 dxc4 5. Bg2 c6 6. O-O b5 7. a4 Bb7 8. Ne5 a6 9. axb5 axb5 10. Rxa8 Bxa8 11. b3 cxb3 12. Qxb3 Be7 13. Nc3 Qxd4 14.
Bf4 O-O 15. Nxb5 Qb6 16. Rb1 cxb5 17. Bxa8 Na6 18. Bg2 b4 19. Be3 Bc5 20. Bxc5 Qxc5 21.
Nd3 Qb5 22. Qc2 Rb8 23. Rb3 h6 24. Bc6 Qa5 25. Qb1 Nd5 26. e4 Nc3 27. Qc2 Nc5 28.
Nxc5 Qxc5 29. Bd7 Qd6 0-1

[Event "Early-Titled-Tuesday-Blitz-September-26-2023"]
[Site "Chess.com"]
[Date "2023.09.26"]
[Round "2"]
[White "ProphetoftheLord"]
[Black "GP9isback23"]
[Result "0-1"]
[WhiteElo "1334"]
[BlackElo "2647"]
[TimeControl "180+1"]
[EndTime "8:17:26 PDT"]
[Termination "GP9isback23 won on time"]

1. d4 Nf6 2. Nc3 d5 3. e4 dxe4 4. f3 e3 5. Bd3 c6 6. Bxe3 Nbd7 7. Nge2 e6 8. Qd2 Be7 9. O-O-O Nd5 10. Nxd5 cxd5 11.
f4 Nf6 12. g4 Ne4 13. Bxe4 dxe4 14. Ng3 Qd5 15. Kb1 b5 16. f5 Bd7 17. Rhf1 O-O-O 18. Qg2 Bc6 19. Rfe1 g6 20. fxe6 fxe6 21.
Ne2 Bh4 22. Nf4 Qd7 23. Rf1 Rhf8 24. h3 Rf7 25. c3 Rdf8 26. Ne2 Kb7 27. Qg1 Bd5 28.
Qh1 Ka6 29. Kc2 Bc4 30. Rxf7 Rxf7 31. Qh2 Bd5 32. Qf2 Bxf2 0-1

[Event "Early-Titled-Tuesday-Blitz-September-26-2023"]
[Site "Chess.com"]
[Date "2023.09.26"]
[Round "2"]
[White "DTChess"]
[Black "remi04"]
[Result "0-1"]
[WhiteElo "2591"]
[BlackElo "2826"]
[TimeControl "180+1"]
[EndTime "8:17:27 PDT"]
[Termination "remi04 won by resignation"]

1. e4 g6 2. d4 Bg7 3. Nc3 c6 4.
Nf3 d5 5. h3 Nf6 6. exd5 cxd5 7.
Bf4 O-O 8. Qd2 Nc6 9. Bh6 Ne4 10. Qe3 Qb6 11. O-O-O Nxc3 12. bxc3 Bf5 13. Bxg7 Kxg7 14.
h4 h5 15. Bd3 Bg4 16. Kd2 Rac8 17. Rb1 Qc7 18. Ne5 Na5 19. Nxg4 Qxc3+ 20. Ke2 Nc4 21. Qh6+ Kg8 22. Rxb7 Qxd4 23. Ne3 Ne5 24. Rxe7 Nxd3 25.
cxd3 Qb2+ 26. Ke1 Qb4+ 27. Ke2 Qxe7 28. Kf3 Qf6+ 29. Kg3 Qe5+ 30. Kf3 Rc3 31. g4 Rxd3 32. gxh5 Qe4+ 33. Kg3 Qxh1 34. hxg6 Qg1+ 35. Kf3 Qxg6 36. Qf4 Qe4+ 0-1

[Event "Early-Titled-Tuesday-Blitz-September-26-2023"]
[Site "Chess.com"]
[Date "2023.09.26"]
[Round "2"]
[White "Alexander_Donchenko"]
[Black "Mikhail_Golubev"]
[Result "1-0"]
[WhiteElo "2812"]
[BlackElo "2586"]
[TimeControl "180+1"]
[EndTime "8:17:27 PDT"]
[Termination "Alexander_Donchenko won by resignation"]

1. e4 c5 2. Nf3 d6 3. Bb5+ Bd7 4.
Bxd7+ Qxd7 5. O-O Nf6 6. Qe2 e6 7. c3 Be7 8. d4 O-O 9. dxc5 dxc5 10. Rd1 Qc6 11. e5 Nfd7 12. Nbd2 Qc7 13. Nc4 Nc6 14.
a4 Rad8 15. Bf4 b6 16. h4 a6 17. h5 b5 18. axb5 axb5 19. Na3 b4 20. Nc4 Nb6 21. h6 g6 22. Nxb6 Qxb6 23. Bg5 Qc7 24. Bxe7 Qxe7 25. Qe4 Qc7 26. Qf4 Rxd1+ 27. Rxd1 f6 28. Qg4 Nxe5 29.
Qxe6+ Qf7 30. Qxf7+ Nxf7 31. Rd5 bxc3 32. bxc3 Nxh6 33.
Rxc5 Nf5 34. Nd2 Re8 35. f3 Kf7 36. Ne4 Re7 37. Kf2 h5 38. Ra5 Rd7 39. c4 Nd6 40. Nd2 Rc7 41. c5 Nb7 42. Ra7 Rd7 43. c6 Rxd2+ 44.
Ke3 Rc2 45. cxb7 Ke6 46. b8=Q 1-0

[Event "Early-Titled-Tuesday-Blitz-September-26-2023"]
[Site "Chess.com"]
[Date "2023.09.26"]
[Round "2"]
[White "carokannlover213"]
[Black "slorovel"]
[Result "1-0"]
[WhiteElo "2697"]
[BlackElo "2471"]
[TimeControl "180+1"]
[EndTime "8:17:28 PDT"]
[Termination "carokannlover213 won by resignation"]

1. d4 Nf6 2. Nf3 d5 3. Bf4 c5 4. e3 Nc6 5. c3 Qb6 6. Qc1 Bf5 7. Nbd2 g6 8. dxc5 Qxc5 9. Nb3 Qb6 10. Be2 Bg7 11.
O-O O-O 12. Nbd4 Nxd4 13. exd4 Nh5 14. Bg5 Rfe8 15. Nh4 Nf6 16. Nxf5 gxf5 17. Bd3 Ne4 18. Be3 Qg6 19. f3 Nd6 20. Bf4 Rad8 21. Qc2 e6 22.
Qa4 Bf8 23. Kh1 Kh8 24. Qxa7 Be7 25. Qb6 Rg8 26. Rg1 f6 27. Rae1 Qf7 28. a4 h5 29.
Qb3 Rg7 30. Qc2 h4 31. Qe2 h3 32. g4 Ne4 33. gxf5 exf5 34. Rxg7 Kxg7 35. fxe4 fxe4 36. Rg1+ Kf8 37. Bh6+ Ke8 38. Bb5+ Rd7 39. Qg4 Bd6 1-0

[Event "Early-Titled-Tuesday-Blitz-September-26-2023"]
[Site "Chess.com"]
[Date "2023.09.26"]
[Round "2"]
[White "FlemingA"]
[Black "Elaisaz"]
[Result "1-0"]
[WhiteElo "2439"]
[BlackElo "2155"]
[TimeControl "180+1"]
[EndTime "8:17:30 PDT"]
[Termination "FlemingA won on time"]

1. g3 g6 2. Bg2 Bg7 3. e4 c5 4. Ne2 Nc6 5. O-O d6 6. h3 Nf6 7. c3 O-O 8. d4 cxd4 9. cxd4 e5 10. Nbc3 Re8 11. d5 Ne7 12. a4 Nd7 13. a5 b6 14.
axb6 Nxb6 15. Qd3 a5 16. Nb5 Qd7 17. Be3 Ba6 18. Rxa5 Reb8 19. Nec3 Qc8 20. b3 Qd8 21. Rfa1 Bxb5 22. Nxb5 Rxa5 23. Rxa5 Nbxd5 24. Ra7 Nxe3 25. fxe3 Nc6 26. Ra1 Qb6 27. Nxd6 Bh6 28. Nc4 Qxb3 29.
Qxb3 Rxb3 30. Ra8+ Kg7 31. Rc8 Ne7 32. Rc7 Ng8 33.
Nxe5 Bxe3+ 34. Kh2 1-0